TOP OF THE 1ST |
Monroe Mallards batting - Pitching for Santa Clarita Music : RHP Emmett Arbuckle
|
Pitching: RHP Emmett Arbuckle
|
|
Batting: RHB Anselmo Espinoza
|
0-0: Ball 1-0: Ball 2-0: Ground out 6-3 (Groundball, 6)
|
Batting: RHB Rafael Rivera
|
0-0: Foul Ball, location: 2F 0-1: Foul Ball, location: 2F 0-2: Foul Ball, location: 2F 0-2: Strikes out swinging
|
Batting: RHB Shannon Watson
|
0-0: Ball 1-0: Called Strike 1-1: Ball 2-1: Foul Ball, location: 2F 2-2: Ground out 6-3 (Groundball, 56)
|
Top of the 1st over - 0 runs, 0 hits, 0 errors, 0 left on base; Monroe 0 - Santa Clarita 0 |
BOTTOM OF THE 1ST |
Santa Clarita Music batting - Pitching for Monroe Mallards : RHP Mauro Ortíz
|
Pitching: RHP Mauro Ortíz
|
|
Batting: RHB Geoffrey Bishop
|
0-0: Ball 1-0: Ball 2-0: Foul Ball, location: 2F 2-1: Ball 3-1: Base on Balls
|
Batting: RHB Jeff Peterson
|
0-0: Ball 1-0: Called Strike 1-1: Called Strike 1-2: Ball 2-2: Strikes out swinging
|
Batting: LHB Federico Medina
|
0-0: Called Strike 0-1: Foul Ball, location: 2F 0-2: Ball 1-2: Foul Ball, location: 2F 1-2: Ball 2-2: Ball 3-2: Strikes out looking Geoffrey Bishop is caught stealing 2nd base Batter strikes out.
|
Bottom of the 1st over - 0 runs, 0 hits, 0 errors, 0 left on base; Monroe 0 - Santa Clarita 0 |
TOP OF THE 2ND |
Monroe Mallards batting - Pitching for Santa Clarita Music : RHP Emmett Arbuckle
|
Batting: LHB José Trindade
|
0-0: Fly out, F7 (Flyball, 78S)
|
Batting: RHB David Leslie
|
0-0: Ball 1-0: Ball 2-0: SOLO HOME RUN (Flyball, 9D), Distance : 380 ft
|
Batting: RHB Anthony O'Bryan
|
0-0: Called Strike 0-1: Ball 1-1: Ball 2-1: SINGLE (Groundball, 6MD)
|
Batting: RHB Héctor Vega
|
0-0: Ball 1-0: Foul Ball, location: 2F 1-1: SINGLE (Line Drive, 6MD) Anthony O'Bryan to second
|
Batting: RHB Benito Bo
|
0-0: Ball 1-0: Ball 2-0: Called Strike 2-1: Fly out, F1 (Line Drive, 13)
|
Batting: RHB Jarrett Marshall
|
0-0: Fielders Choice at 2nd, 6-4 (Groundball, 6)
|
Top of the 2nd over - 1 run, 3 hits, 0 errors, 2 left on base; Monroe 1 - Santa Clarita 0 |
BOTTOM OF THE 2ND |
Santa Clarita Music batting - Pitching for Monroe Mallards : RHP Mauro Ortíz
|
Batting: RHB Armando Gavi
|
0-0: Ball 1-0: Called Strike 1-1: Fly out, F6 (Popup, 15)
|
Batting: LHB Daryl Thomas
|
0-0: Ball 1-0: Ball 2-0: Called Strike 2-1: Foul Ball, location: 2F 2-2: Ball 3-2: Foul Ball, location: 2F 3-2: Base on Balls
|
Batting: SHB Tetsu Yamada
|
0-0: Called Strike 0-1: SINGLE (Line Drive, 34) Daryl Thomas to second
|
Batting: SHB Juan Martínez
|
0-0: Swinging Strike 0-1: Ball 1-1: SINGLE (Line Drive, 34) Daryl Thomas to third Tetsu Yamada to second Runner from 3rd tries for Home, SAFE, no throw
|
Batting: RHB Ángel Martínez
|
0-0: SINGLE (Groundball, 6D) Tetsu Yamada to third Juan Martínez to second Runner from 3rd tries for Home, SAFE, no throw
|
Batting: RHB Lorenzo Camacho
|
0-0: Ball 1-0: Ball 2-0: Fly out, F7 (Flyball, 7)
|
Batting: RHB Geoffrey Bishop
|
0-0: Ball 1-0: Called Strike 1-1: Foul Ball, location: 2F 1-2: SINGLE (Line Drive, 78S) Juan Martínez to third Ángel Martínez to second
|
Batting: RHB Jeff Peterson
|
0-0: Called Strike 0-1: Ball 1-1: Foul Ball, location: 2F 1-2: Ball 2-2: Foul Ball, location: 2F 2-2: DOUBLE (Line Drive, 7LM) Juan Martínez scores Ángel Martínez scores Geoffrey Bishop to third Runner from 3rd tries for Home, SAFE, no throw
|
Batting: LHB Federico Medina
|
0-0: Swinging Strike 0-1: Ball 1-1: Ball 2-1: Ground out U3 (Groundball, 34)
|
Bottom of the 2nd over - 5 runs, 5 hits, 0 errors, 1 left on base; Monroe 1 - Santa Clarita 5 |
TOP OF THE 3RD |
Monroe Mallards batting - Pitching for Santa Clarita Music : RHP Emmett Arbuckle
|
Batting: RHB Anselmo Espinoza
|
0-0: Ball 1-0: Foul Ball, location: 2F 1-1: Foul Ball, location: 2F 1-2: Foul Ball, location: 2F 1-2: Ball 2-2: Fly out, F6 (Line Drive, 6)
|
Batting: RHB Rafael Rivera
|
0-0: Called Strike 0-1: Fly out, F8 (Line Drive, 8LS)
|
Batting: RHB Shannon Watson
|
0-0: Ball 1-0: Ball 2-0: Swinging Strike 2-1: Ground out U3 (Groundball, 3L)
|
Top of the 3rd over - 0 runs, 0 hits, 0 errors, 0 left on base; Monroe 1 - Santa Clarita 5 |
BOTTOM OF THE 3RD |
Santa Clarita Music batting - Pitching for Monroe Mallards : RHP Mauro Ortíz
|
Batting: RHB Armando Gavi
|
0-0: Swinging Strike 0-1: Ball 1-1: Ball 2-1: Swinging Strike 2-2: Strikes out swinging
|
Batting: LHB Daryl Thomas
|
0-0: Called Strike 0-1: Ball 1-1: Foul Ball, location: 2F 1-2: Strikes out swinging
|
Batting: SHB Tetsu Yamada
|
0-0: Foul Ball, location: 2F 0-1: Ball 1-1: Foul Ball, location: 2F 1-2: Ground out 4-3 (Groundball, 4)
|
Bottom of the 3rd over - 0 runs, 0 hits, 0 errors, 0 left on base; Monroe 1 - Santa Clarita 5 |
TOP OF THE 4TH |
Monroe Mallards batting - Pitching for Santa Clarita Music : RHP Emmett Arbuckle
|
Batting: LHB José Trindade
|
0-0: Fly out, F8 (Flyball, 89D)
|
Batting: RHB David Leslie
|
0-0: Foul Ball, location: 2F 0-1: Called Strike 0-2: Fly out, F7 (Flyball, 7LSF)
|
Batting: RHB Anthony O'Bryan
|
0-0: Foul Ball, location: 2F 0-1: Foul Ball, location: 2F 0-2: Fly out, F8 (Flyball, 8RD)
|
Top of the 4th over - 0 runs, 0 hits, 0 errors, 0 left on base; Monroe 1 - Santa Clarita 5 |
BOTTOM OF THE 4TH |
Santa Clarita Music batting - Pitching for Monroe Mallards : RHP Mauro Ortíz
|
Batting: SHB Juan Martínez
|
0-0: Ball 1-0: Ball 2-0: Ground out 6-3 (Groundball, 6)
|
Batting: RHB Ángel Martínez
|
0-0: Foul Ball, location: 2F 0-1: Swinging Strike 0-2: Foul Ball, location: 2F 0-2: Strikes out swinging
|
Batting: RHB Lorenzo Camacho
|
0-0: Called Strike 0-1: Foul Ball, location: 2F 0-2: Ball 1-2: Strikes out swinging
|
Bottom of the 4th over - 0 runs, 0 hits, 0 errors, 0 left on base; Monroe 1 - Santa Clarita 5 |
TOP OF THE 5TH |
Monroe Mallards batting - Pitching for Santa Clarita Music : RHP Emmett Arbuckle
|
Batting: RHB Héctor Vega
|
0-0: Ball 1-0: Fly out, F8 (Flyball, 8RM)
|
Batting: RHB Benito Bo
|
0-0: Ball 1-0: Ball 2-0: Called Strike 2-1: Ball 3-1: Called Strike 3-2: Ground out 4-3 (Groundball, 4D)
|
Batting: RHB Jarrett Marshall
|
0-0: Ball 1-0: Foul Ball, location: 2F 1-1: Fly out, F7 (Flyball, 7S)
|
Top of the 5th over - 0 runs, 0 hits, 0 errors, 0 left on base; Monroe 1 - Santa Clarita 5 |
BOTTOM OF THE 5TH |
Santa Clarita Music batting - Pitching for Monroe Mallards : RHP Mauro Ortíz
|
Batting: RHB Geoffrey Bishop
|
0-0: Ball 1-0: Foul Ball, location: 2F 1-1: Ball 2-1: Ground out 5-3 (Groundball, 56S)
|
Batting: RHB Jeff Peterson
|
0-0: Ball 1-0: Ball 2-0: Swinging Strike 2-1: Foul Ball, location: 2F 2-2: Foul Ball, location: 2F 2-2: Ground out 5-3 (Groundball, 56S)
|
Batting: LHB Federico Medina
|
0-0: Swinging Strike 0-1: Swinging Strike 0-2: Ball 1-2: Ball 2-2: Ball 3-2: Base on Balls
|
Pitching: RHP Donnie Davenport
|
|
Batting: RHB Armando Gavi
|
0-0: Called Strike 0-1: Ball 1-1: Swinging Strike 1-2: Ball 2-2: Foul Ball, location: 2F 2-2: Strikes out swinging
|
Bottom of the 5th over - 0 runs, 0 hits, 0 errors, 1 left on base; Monroe 1 - Santa Clarita 5 |
TOP OF THE 6TH |
Monroe Mallards batting - Pitching for Santa Clarita Music : RHP Emmett Arbuckle
|
Batting: RHB Anselmo Espinoza
|
0-0: Ball 1-0: Foul Ball, location: 2F 1-1: Foul Ball, location: 2F 1-2: Ball 2-2: Ball 3-2: Foul Ball, location: 2F 3-2: SINGLE (Line Drive, 56D)
|
Batting: RHB Rafael Rivera
|
0-0: Ball 1-0: Ball 2-0: Swinging Strike 2-1: Foul Ball, location: 2F 2-2: Strikes out looking
|
Batting: RHB Shannon Watson
|
0-0: Called Strike 0-1: Called Strike 0-2: Ball 1-2: Ball 2-2: Ball 3-2: SINGLE (Line Drive, 4MD) Anselmo Espinoza to second
|
Batting: LHB José Trindade
|
0-0: Ball Anselmo Espinoza steals 3rd base 1-0: Ball 2-0: SINGLE (Groundball, 34D) Anselmo Espinoza scores Shannon Watson to second Runner from 2nd tries for 3rd, SAFE, no throw
|
Batting: RHB David Leslie
|
0-0: Called Strike 0-1: Ball 1-1: Called Strike 1-2: Ball 2-2: Ball 3-2: Base on Balls José Trindade to second
|
Batting: RHB Anthony O'Bryan
|
0-0: Ball 1-0: Called Strike 1-1: Ball 2-1: Grounds into double play, 6-4-3 (Groundball, 6)
|
Top of the 6th over - 1 run, 3 hits, 0 errors, 2 left on base; Monroe 2 - Santa Clarita 5 |
BOTTOM OF THE 6TH |
Santa Clarita Music batting - Pitching for Monroe Mallards : RHP Donnie Davenport
|
Batting: LHB Daryl Thomas
|
0-0: Swinging Strike 0-1: Foul Ball, location: 2F 0-2: Fly out, F7 (Flyball, 7D)
|
Batting: SHB Tetsu Yamada
|
0-0: Called Strike 0-1: Foul Ball, location: 2F 0-2: Fly out, F9 (Flyball, 9S)
|
Batting: SHB Juan Martínez
|
0-0: Called Strike 0-1: Foul Ball, location: 2F 0-2: Ball 1-2: Foul Ball, location: 2F 1-2: SOLO HOME RUN (Flyball, 9LD), Distance : 367 ft
|
Batting: RHB Ángel Martínez
|
0-0: Ball 1-0: Called Strike 1-1: Foul Ball, location: 2F 1-2: Ball 2-2: Strikes out looking
|
Bottom of the 6th over - 1 run, 1 hit, 0 errors, 0 left on base; Monroe 2 - Santa Clarita 6 |
TOP OF THE 7TH |
Monroe Mallards batting - Pitching for Santa Clarita Music : RHP Emmett Arbuckle
|
Batting: RHB Héctor Vega
|
0-0: Ball 1-0: Ball 2-0: Foul Ball, location: 2F 2-1: Ball 3-1: Foul Ball, location: 2F 3-2: Fly out, F8 (Flyball, 89D)
|
Batting: RHB Benito Bo
|
0-0: Called Strike 0-1: Called Strike 0-2: Ball 1-2: Foul Ball, location: 2F 1-2: Fly out, F8 (Flyball, 8LD)
|
Batting: RHB Jarrett Marshall
|
0-0: Called Strike 0-1: Foul Ball, location: 2F 0-2: SINGLE (Groundball, 6) (infield hit)
|
Pitching: RHP Roberto Vásquez
|
|
Batting: RHB Anselmo Espinoza
|
0-0: Called Strike Jarrett Marshall steals 2nd base 0-1: Called Strike 0-2: Ball 1-2: Ball 2-2: Ground out 1-3 (Groundball, 13S)
|
Top of the 7th over - 0 runs, 1 hit, 0 errors, 1 left on base; Monroe 2 - Santa Clarita 6 |
BOTTOM OF THE 7TH |
Santa Clarita Music batting - Pitching for Monroe Mallards : RHP Donnie Davenport
|
Batting: RHB Lorenzo Camacho
|
0-0: Called Strike 0-1: Ball 1-1: Swinging Strike 1-2: Ball 2-2: Ground out 5-3 (Groundball, 5)
|
Batting: RHB Geoffrey Bishop
|
0-0: Ball 1-0: SOLO HOME RUN (Flyball, 89D), Distance : 421 ft
|
Batting: RHB Jeff Peterson
|
0-0: Ball 1-0: Foul Ball, location: 2F 1-1: Ball 2-1: SINGLE (Flyball, 7LS)
|
Batting: LHB Federico Medina
|
0-0: Ball 1-0: Ball 2-0: Foul Ball, location: 2F 2-1: Foul Ball, location: 2F 2-2: Ball 3-2: Grounds into double play, 4-3-6 (Groundball, 34)
|
Bottom of the 7th over - 1 run, 2 hits, 0 errors, 0 left on base; Monroe 2 - Santa Clarita 7 |
TOP OF THE 8TH |
Monroe Mallards batting - Pitching for Santa Clarita Music : RHP Roberto Vásquez
|
Batting: RHB Rafael Rivera
|
0-0: Ball 1-0: Foul Ball, location: 2F 1-1: Swinging Strike 1-2: Fly out, F3 (Line Drive, 3S)
|
Batting: RHB Shannon Watson
|
0-0: SINGLE (Line Drive, 8RS)
|
Batting: LHB José Trindade
|
0-0: Foul Ball, location: 2F 0-1: Foul Ball, location: 2F 0-2: Ball 1-2: Strikes out looking
|
Batting: RHB David Leslie
|
0-0: Foul Ball, location: 2F 0-1: Ball 1-1: Ball 2-1: Called Strike 2-2: Ball Wild Pitch! Shannon Watson to second 3-2: DOUBLE (Line Drive, 89D) Shannon Watson scores
|
Batting: RHB Anthony O'Bryan
|
0-0: Ball 1-0: Ball 2-0: Foul Ball, location: 2F 2-1: Swinging Strike 2-2: Foul Ball, location: 2F 2-2: Ground out 5-3 (Groundball, 56)
|
Top of the 8th over - 1 run, 2 hits, 0 errors, 1 left on base; Monroe 3 - Santa Clarita 7 |
BOTTOM OF THE 8TH |
Santa Clarita Music batting - Pitching for Monroe Mallards : RHP Donnie Davenport
|
Batting: RHB Armando Gavi
|
0-0: Ball 1-0: SINGLE (Groundball, 56S) (infield hit)
|
Batting: LHB Daryl Thomas
|
0-0: Called Strike 0-1: SINGLE (Groundball, 4MD) Armando Gavi to second
|
Batting: SHB Tetsu Yamada
|
0-0: Fielders Choice at 2nd, 1-6 (Groundball, 13) Armando Gavi to third
|
Batting: SHB Juan Martínez
|
0-0: Called Strike 0-1: Ball 1-1: Ball Tetsu Yamada steals 2nd base 2-1: SINGLE (Line Drive, 8RS) Armando Gavi scores Tetsu Yamada to third
|
Batting: RHB Ángel Martínez
|
0-0: Ball 1-0: SINGLE (Line Drive, 56D) Tetsu Yamada scores Juan Martínez to second
|
Batting: RHB Lorenzo Camacho
|
0-0: Fly out, F9 (Flyball, 9S)
|
Batting: RHB Geoffrey Bishop
|
0-0: Foul Ball, location: 2F 0-1: Foul Ball, location: 2F 0-2: Ball 1-2: DOUBLE (Flyball, 89D) Juan Martínez scores Ángel Martínez to third Runner from 3rd tries for Home, SAFE, throw made at trailing runner, OUT at third!
|
Bottom of the 8th over - 4 runs, 5 hits, 0 errors, 0 left on base; Monroe 3 - Santa Clarita 11 |
TOP OF THE 9TH |
Monroe Mallards batting - Pitching for Santa Clarita Music : RHP Roberto Vásquez
|
Now in RF: Pablo Tobías
|
|
Batting: RHB Héctor Vega
|
0-0: Ball 1-0: Called Strike 1-1: Swinging Strike 1-2: Ground out 6-3 (Groundball, 6)
|
Batting: RHB Benito Bo
|
0-0: Called Strike 0-1: Swinging Strike 0-2: Ball 1-2: Strikes out swinging
|
Batting: RHB Jarrett Marshall
|
0-0: Ball 1-0: Ball 2-0: Ground out U3 (Groundball, 34S)
|
Top of the 9th over - 0 runs, 0 hits, 0 errors, 0 left on base; Monroe 3 - Santa Clarita 11 |
|